 Dungeon Crawl Stone Soup version 0.31-a0-188-g5e087ee2ca (webtiles) character file.

Game seed: 7504212092206173093

95 qw the Shooter (level 4, -7/25 HPs)
             Began as a Deep Elf Hunter on June 23, 2023.
             Mangled by an orc wizard
             ... wielding a +1 dagger of electrocution
              (14 damage)
             ... on level 3 of the Dungeon.
             The game lasted 00:00:42 (1815 turns).

qw the Shooter (Deep Elf Hunter)                    Turns: 1815, Time: 00:00:43

Health: -7/25      AC:  7    Str: 15    XL:     4   Next: 40%
Magic:  6/6        EV: 10    Int: 14    God:
Gold:   84         SH:  0    Dex: 18    Spells: 3/3 levels left

rFire   . . .        Y - +0 shortbow
rCold   . . .        (shield currently unavailable)
rNeg    . . .        h - +0 scale mail of Xuhuth {Will+ Str+5}
rPois   .            (no helmet)
rElec   .            (no cloak)
rCorr   .            b - +0 pair of gloves
SInv    .            (no boots)
Will    +....        f - amulet of regeneration
Stlth   +            (no ring)
HPRegen 1.04/turn    (no ring)
MPRegen 0.10/turn

%: no passive effects
@: no status effects
A: no striking features
a: no special abilities


You were on level 3 of the Dungeon.
You visited 1 branch of the dungeon, and saw 3 of its levels.

You collected 84 gold pieces.


   Skills:
 - Level 1.5 Fighting
 + Level 7.8 Ranged Weapons
 - Level 2.4 Dodging
 - Level 1.2 Stealth


You had 3 spell levels left.
You didn't know any spells.
Your spell library was empty.

Inventory:

Hand Weapons
 Y - a +0 shortbow (weapon)
Armour
 b - a +0 pair of gloves (worn)
 h - the +0 scale mail of Xuhuth (worn) {Will+ Str+5}
   (You found it on level 2 of the Dungeon)

   Str:       It affects your strength (+5).
   Will:      It increases your willpower.
Jewellery
 f - an amulet of regeneration (around neck)
Scrolls
 a - a scroll of identify {unknown}
Potions
 e - a potion of brilliance {unknown}
 g - a potion of lignification {unknown}
 i - 2 potions of might
 j - a potion of attraction {unknown}
 l - a potion of invisibility {unknown}
 n - a potion of mutation {unknown}
 p - a potion of berserk rage {unknown}

Dungeon Overview and Level Annotations

Branches:
Dungeon (3/15)

Altars:


Message History

The orc hits you with a +0 club.
A goblin comes into view. It is wielding a +0 club.
You shoot an arrow. The arrow closely misses the orc.
The goblin shouts!
The orc hits you but does no damage.
You shoot an arrow.
The arrow hits the orc but does no damage.
The orc barely misses you. Something hits you.
You shoot an arrow. The arrow barely misses the orc.
The arrow barely misses the goblin.
The orc hits you with a +0 club.
You hear some strange, mumbled words.
A puff of flame appears from out of thin air!
The puff of flame hits you.
You shoot an arrow. The arrow completely misses the orc.
The arrow hits the goblin.
You kill the goblin!
Something hits you but does no damage. The orc barely misses you.
Something hits you but does no damage. The orc barely misses you.
You shoot an arrow. The arrow barely misses the orc.
Something completely misses you. The orc hits you with a +0 club.
You shoot an arrow. The arrow hits the orc.
The orc is severely wounded.
The orc hits you with a +0 club. Something hits you.
You shoot an arrow.
The arrow hits the orc but does no damage.
The orc is severely wounded.
Something hits you. The orc hits you but does no damage. Something hits you.
The orc hits you with a +0 club.
You shoot an arrow. The arrow barely misses the orc.
Something hits you. The orc hits you but does no damage.
You shoot an arrow. The arrow completely misses the orc.
Something hits you. The orc barely misses you.
You shoot an arrow. The arrow hits the orc.
You kill the orc!
Something hits you but does no damage.
You shoot an arrow. Something hits you.
You are electrocuted!
Ouch! That really hurt!
You die...

...##........###..#..##
..#...................#.
....#.#.................
........................
......##................
...##..#................
...###%.................
...#..)...........).....
.....#).........@)..)...
.<.###..###......{....#.
........##..#......#.##
.#.##.#.#.?##.#[.#.# ..
.#.##.#............. #.
......##.........####
...... .#.......# .....
#.......# . ..>.


There were no monsters in sight!

Vanquished Creatures
  5 adders
  A worm (D:2)
  A dart slug (D:2)
  2 orcs (D:3)
  5 endoplasms
  4 giant cockroaches
  2 goblins
  2 hobgoblins
  6 kobolds
  2 quokkas
  2 ball pythons
  6 bats
  8 rats
46 creatures vanquished.

Notes
Turn   | Place    | Note
-------+----------+-------------------------------------------
     0 | D:1      | qw the Deep Elf Hunter began the quest for the Orb.
     0 | D:1      | Reached XP level 1. HP: 12/12 MP: 3/3
     0 | D:1      | 0 ||| qw: Version: 0.3-a-9-g12657ce
     0 | D:1      | 0 ||| qw: Game counter: 3333
     0 | D:1      | 0 ||| qw: Always use a shield: true
     0 | D:1      | 0 ||| qw: God list: Okawaru
     0 | D:1      | 0 ||| qw: Allow faded altars: false
     0 | D:1      | 0 ||| qw: Do Orc after D:15 true
     0 | D:1      | 0 ||| qw: Do second Lair branch before Depths: true
     0 | D:1      | 0 ||| qw: Lair rune preference: random
     0 | D:1      | 0 ||| qw: Plans: Normal
     0 | D:1      | 0 ||| PLANNING D:1-11
   285 | D:1      | Reached skill level 6 in Ranged Weapons
   285 | D:1      | Reached XP level 2. HP: 16/16 MP: 4/4
  1048 | D:1      | 1048 ||| UPGRADING to amulet of regeneration.
  1053 | D:1      | 1053 ||| READING scroll labelled SYJETAMPOG.
  1060 | D:1      | 1060 ||| READING scroll labelled DAN YSAUSKOTE.
  1061 | D:1      | 1061 ||| READING scroll labelled WOCZEU AXTA.
  1062 | D:1      | 1062 ||| DRINKING 2 dark potions.
  1063 | D:1      | 1063 ||| DRINKING 2 sedimented orange potions.
  1064 | D:1      | 1064 ||| DROPPING scroll of butterflies.
  1121 | D:2      | 1121 ||| STAIRDANCE
  1133 | D:2      | Reached XP level 3. HP: 20/20 MP: 5/5
  1202 | D:2      | Found a faded altar of an unknown god.
  1212 | D:2      | Reached skill level 7 in Ranged Weapons
  1220 | D:2      | Identified the +0 scale mail of Xuhuth {Will+ Str+5}
  1270 | D:2      | 1270 ||| FLEEEEING.
  1271 | D:2      | 1271 ||| FLEEEEING.
  1344 | D:2      | Reached XP level 4. HP: 25/25 MP: 6/6
  1606 | D:2      | 1606 ||| UPGRADING to +0 pair of gloves.
  1611 | D:2      | 1611 ||| UPGRADING to +0 scale mail of Xuhuth {Will+
                  | Str+5}.
  1621 | D:2      | 1621 ||| DROPPING +0 leather armour.
  1622 | D:2      | 1622 ||| DROPPING ring of flight.
  1623 | D:2      | 1623 ||| READING scroll labelled ELOCA ONIHESCHARPHO.
  1724 | D:2      | 1724 ||| READING scroll labelled ZILUMNEUFF.
  1725 | D:2      | 1725 ||| READING 2 scrolls labelled ETONTA YGOZ.
  1726 | D:2      | 1726 ||| DRINKING 2 bubbling amethyst potions.
  1727 | D:2      | 1727 ||| DRINKING potion of curing.
  1727 | D:2      | 1727 ||| (to cure confusion)
  1728 | D:2      | 1728 ||| DROPPING scroll of vulnerability.
  1729 | D:2      | 1729 ||| DROPPING potion of ambrosia.
  1815 | D:3      | Mangled by an orc wizard

Levels and vault maps discovered:
D:1:      onia_arrival_mini_maze, layout_basic, chequers_serial_rivers_large_b,
          dk_noncrumbling_2, minivault_26
D:2:      layout_rooms, shapermc_ecumenical_altar_acropolis
D:3:      layout_rooms

Skill      XL: |  1  2  3 |
---------------+----------+-----
Ranged Weapons | 6 7 |  7.8
Fighting       | |  1.5
Dodging        | |  2.4
Stealth        | |  1.2

Action                     |  1- 3 |  4- 6 || total
---------------------------+-------+-------++-------
   Fire: Shortbow          |    84 |    57 ||   141
    Use: Scroll            |     3 |     3 ||     6
         Potion            |     2 |     2 ||     4
 Armour: Leather armour    |    11 |       ||    11
         Scale mail        |       |    19 ||    19
  Dodge: Dodged            |    20 |    18 ||    38

Table legend:
 A = Non-vault XP
 B = Vault XP
 C = Vault XP percentage of total XP
 D = Non-vault monster count
 E = Vault monster count
 F = Vault count percentage of total count
                 A         B        C        D         E       F
            +---------+---------+-------+---------+---------+-------
      Total |     135 |       2 |   1.5 |      44 |       2 |   4.3
            +---------+---------+-------+---------+---------+-------
        D:1 |      37 |       2 |   5.1 |      16 |       2 |  11.1
        D:2 |      67 |       0 |   0.0 |      18 |       0 |   0.0
        D:3 |      31 |       0 |   0.0 |      10 |       0 |   0.0
            +---------+---------+-------+---------+---------+-------
